 Dungeon Crawl Stone Soup version 0.28-a0-1567-g1695149f81 (webtiles) character file.

Game seed: 198624987661220123

14 comborobin the Ruffian (level 2, -3/29 HPs)
             Began as a Troll Cinder Acolyte on Jan 20, 2022.
             Was a High Priest of Ignis.
             Splashed by a jelly's acid (7 damage)
             ... on level 4 of the Dungeon.
             The game lasted 00:00:26 (229 turns).

comborobin the Ruffian (Troll Cinder Acolyte)        Turns: 229, Time: 00:00:27

Health: -3/29      AC: -4    Str: 21    XL:     2   Next: 27%
Magic:  2/2        EV:  9    Int: 10    God:    Ignis [*****.]
Gold:   0          SH:  0    Dex:  5    Spells: 3/3 levels left

rFire   + . .      SeeInvis .     - Unarmed
rCold   . . .      Faith    .   (no shield)
rNeg    . . .      Spirit   .   a - +0 robe
rPois   .          Reflect  .   (helmet restricted)
rElec   .          Harm     .   (no cloak)
rCorr   .          Rampage  .   (gloves unavailable)
Will    .....                   (boots unavailable)
Stlth   +.........              (no amulet)
HPRegen 0.89/turn               (no ring)
MPRegen 0.08/turn               (no ring)

@: corroded
A: large, unfitting armour, claws 3, regeneration 1, shaggy fur 1, tough skin 1
a: Renounce Religion, Fiery Armour, Foxfire Swarm, Rising Flame


You were on level 4 of the Dungeon.
You worshipped Ignis.
Ignis was extremely pleased with you.
You visited 1 branch of the dungeon, and saw 4 of its levels.

Inventory:

Armour
 a - a +0 robe (worn)
Scrolls
 b - a scroll of identify {unknown}
 c - 3 scrolls of enchant armour {unknown}
Potions
 d - a potion of curing {unknown}


   Skills:
 - Level 2.4 Fighting
 + Level 3.7 Unarmed Combat
 - Level 1.0 Spellcasting
 - Level 2.1 Fire Magic


You had 3 spell levels left.
You didn't know any spells.
Your spell library contained the following spells:

 Spells                   Type           Power      Damage    Failure   Level
 Scorch                   Fire           8%         2d5       22%         2


Dungeon Overview and Level Annotations

Branches:
Dungeon (4/15)
 Temple: D:4-7

Altars:


Innate Abilities, Weirdness & Mutations

You are too large for most types of armour.
You have claws for hands.
Your natural rate of healing is unusually fast.
You are covered in fur. (AC +1)
You have tough skin. (AC +1)


Message History

You climb downwards.
There is a stone staircase leading up here.
There is a stone staircase leading up here.
A ball python comes into view.
The ball python hisses angrily.
A ball python is nearby!
The ball python closely misses you.
You claw the ball python!
You kill the ball python!
No target in view!
No target in view!
No target in view!
A kobold comes into view. It is wielding a +0 short sword.
A kobold is nearby!
A kobold is nearby!
You closely miss the kobold.
The kobold hits you with a +0 short sword.
You claw the kobold!
You kill the kobold!
No target in view!
You see here a +0 short sword.
No target in view!
HP restored.
You see here a +0 short sword.
A jelly comes into view.
The jelly quivers.
A jelly is nearby!
The jelly hits you. The acid corrodes you!
You are splashed with acid!
You claw the jelly!
Your claws burn!
Your claw misses the jelly.
The jelly is heavily wounded.
The jelly hits you.
You are splashed with acid!
* * * LOW HITPOINT WARNING * * *
You are too injured to fight recklessly!
You scratch the jelly. The acid corrodes you!
Your claws burn!
* * * LOW HITPOINT WARNING * * *
The jelly is severely wounded.
The jelly hits you.
* * * LOW HITPOINT WARNING * * *
You are splashed with acid!
You die...

.#### ##
.....###.#
.......#..##
...........#
..........#
#.....J.#
#....@.#
##.....#
#.....#
##....#
##...# #...#
##.## ##.#
#..#


You could see a jelly.

Vanquished Creatures
  A dart slug (D:1)
  A bat (D:3)
  2 endoplasms (D:1)
  2 giant cockroaches (D:1)
  A goblin (D:3)
  A ball python (D:4)
  A frilled lizard (D:1)
  A kobold (D:4)
  A rat (D:3)
11 creatures vanquished.

Notes
Turn   | Place    | Note
-------+----------+-------------------------------------------
     0 | D:1      | comborobin the Troll Cinder Acolyte began the quest for the
                  | Orb.
     0 | D:1      | Reached XP level 1. HP: 22/22 MP: 1/1
    71 | D:1      | Reached XP level 2. HP: 29/29 MP: 2/2
   229 | D:4      | Splashed by a jelly's acid

Illustrated notes

Levels and vault maps discovered:
D:1:      lightli_iron_boxes, layout_basic,
          chequers_ecumenical_altar_simple_redux
D:2:      layout_basic
D:3:      layout_basic
D:4:      layout_cave_pods, vehumet_crystals, nicolae_overflow_hidden_temple,
          mainiacjoe_overflow_big_doors, minmay_temple_entry_antechambers

Action                   || total
-------------------------++-------
Melee: Unarmed           ||    32
Armor: Robe              ||    18
Dodge: Dodged            ||    21

Table legend: (Time is in decaauts)
 A = Elapsed time spent in this place.
 B = Non-inter-level travel time spent in this place.
 C = Inter-level travel time spent in this place.
 D = Time resting spent in this place.
 E = Time spent auto-exploring this place.
 F = Levels seen in this place.
 G = Mean time per level.
                   A        B        C        D        E       F      G
               +--------+--------+--------+--------+--------+-----+--------+
         Total |    226 |    209 |     17 |      0 |    113 |   4 |   56.5 |
       Dungeon |    226 |    209 |     17 |      0 |    113 |   4 |   56.5 |
               +--------+--------+--------+--------+--------+-----+--------+

Top non-repeatable levels by time:
     D:1: 82 daAuts
     D:3: 68 daAuts
     D:4: 54 daAuts
     D:2: 20 daAuts
